 Dungeon Crawl Stone Soup version 0.31-a0-700-gf13585253f (webtiles) character file.

Game seed: 12734825583443140006

1476 ytrimaz the Ruffian (level 8, 0/48 HPs)
             Began as an Octopode Shapeshifter on Sept 7, 2023.
             Slain by Prince Ribbit (9 damage)
             ... on level 5 of the Dungeon.
             The game lasted 00:05:38 (4499 turns).

ytrimaz the Ruffian (Octopode Shapeshifter)         Turns: 4499, Time: 00:05:39

Health: 0/48       AC:  1    Str: 14    XL:     8   Next: 78%
Magic:  8/8        EV: 15    Int: 12    God:
Gold:   533        SH:  0    Dex: 13    Spells: 7/7 levels left

rFire   . .          .
                       - Unarmed
rCold   . . .        (no shield)
rNeg    . . .        (helmet currently unavailable)
rPois   .            i - amulet of magic regeneration
rElec   .            (no ring)
rCorr   .            (no ring)
SInv    .            (no ring)
Will    .....        (no ring)
Stlth   ++++         (no ring)
HPRegen 0.28/turn    (no ring)
MPRegen 0.51/turn    (no ring)
                     (no ring)

%: no passive effects
@: lethally poisoned (0 -> -1), beast-form, slowed, very slow
A: beast (slay +3), almost no armour, amphibious, 8 rings, camouflage 1,
gelatinous body 1, (nimble swimmer 1), tentacles
a: Begin Untransformation


You were on level 5 of the Dungeon.
You were a hulking beast.
You visited 1 branch of the dungeon, and saw 6 of its levels.
You also visited: Ossuary.

You collected 533 gold pieces.


Innate Abilities, Weirdness & Mutations

You are a hulking beast.
Your limbs bulge with bestial killing power. (Slay +3)
You cannot wear most types of armour.
You are amphibious.
You can wear up to eight rings at the same time.
Your skin changes colour to match your surroundings (Stealth+).
Your rubbery body absorbs attacks. (AC +1, EV +1)
((You are camouflaged when in or above water. (Stealth+)))
You have tentacles for arms and can constrict up to eight enemies at once.


   Skills:
 - Level 1.0 Fighting
 * Level 5.9 Dodging
 + Level 5.6 Stealth
 * Level 6.2 Unarmed Combat
 * Level 6.0 Shapeshifting


You had 7 spell levels left.
You didn't know any spells.
Your spell library contained the following spells:

 Spells                   Type           Power      Damage    Failure   Level
 Cigotuvi's Dreadful Rot  Necr/Pois/Air  0%         N/A       45%         2
 Ignite Poison            Fire/Tmut/Pois 0%         N/A       69%         3
 Volatile Blastmotes      Fire/Tloc      0%         2d10      69%         3
 Fulminant Prism          Conj/Hex       0%         3d5       97%         4
 Iskenderun's Mystic Bla  Conj/Tloc      0%         2d3       97%         4
 Freezing Cloud           Conj/Ice/Air   0%         6-21      100%        5

Inventory:

Jewellery
 i - an amulet of magic regeneration (around mantle)
   (You found it on level 3 of the Dungeon)
Talismans
 b - a beast talisman (active)
 c - a flux talisman
Wands
 h - a wand of flame (25)
   (You took it off Jessica on level 3 of the Dungeon)
Scrolls
 e - 2 scrolls of blinking
 k - 2 scrolls of revelation
 l - a scroll of fear
 m - 3 scrolls of teleportation
Potions
 a - a potion of lignification
 f - a potion of attraction {unknown}
 g - 4 potions of curing
 j - 3 potions of heal wounds
 n - 3 potions of berserk rage
 o - a potion of brilliance {unknown}
 p - a potion of degeneration {unknown}
 q - 2 potions of cancellation {unknown}
 r - a potion of haste
 s - 2 potions of might

Dungeon Overview and Level Annotations

Branches:
Dungeon (6/15) Zot: 26985 Ossuary (visited)
 Temple: D:4-7

Altars:
Cheibriados
Makhleb

Annotations:
D:5 Prince Ribbit

.###...#......#..####....###### #
.##......)..#.#.##....##.## #
.#.......).........#####..# #
.........)......#### ##.##
..........)..#..# #..## ##
.#..........##..# ##..# ##.
.#.#.......###..## ##.# #..
....#...#### #.F.# #.###.#
###...### #.#h# #.....# #...#
###.#ยง# ##...### #...# #...#.#
##..#.<# ###...## #.###.#
#..###.## .......# #.# #(#
#.####.<# .......# #.# #.#
####.#...#.# .......# #.#
#.#####..........# .......## #.#
#..##...##........
###.....####.####.##.####.......#


You could see Prince Ribbit.


Message History

You constrict the iguana, but do no damage.
The iguana misses you.
You tentacle-slap the iguana.
You constrict the iguana, but do no damage.
The iguana barely misses you.
You completely miss the iguana. You squeeze the iguana.
You kill the iguana! ๐Ÿ˜• HP[+1] ๐Ÿ˜Ž HP[+11]
Your hp is fully restored (48).
Menkaure is nearby!
Unknown command.
Menkaure is nearby!
Menkaure is nearby!
Menkaure shouts!
You bludgeon Menkaure! You grab Menkaure. You squeeze Menkaure!
You constrict Menkaure, but do no damage.
Menkaure barely misses you.
You tentacle-slap Menkaure.
You destroy Menkaure!
Your Shapeshifting skill increases to level 6!
Unknown command.
No target in view!
q - 2 viscous dark potions (gained 1) Key pressed, stopping explore.
Key pressed, stopping explore.
Key pressed, stopping explore.
You see here a +0 dagger.
Key pressed, stopping explore.
Key pressed, stopping explore.
Key pressed, stopping explore.
Key pressed, stopping explore.
Done exploring.
Done exploring.
Done exploring.
Done exploring.
Done exploring.
Done exploring.
Done exploring.
Done exploring.
There is a stone staircase leading up here.
You see here 6 stones.
There is a stone staircase leading down here.
You climb downwards.
There is a stone staircase leading up here.
An adder comes into view.
An adder is nearby!
Prince Ribbit and a kobold brigand come into view.
The kobold brigand is wielding a +0 short sword and quivering curare-tipped darts.
Prince Ribbit gives a loud, deep croak!
You hear a shout!
An orc comes into view. It is wielding a +0 trident.
Prince Ribbit attacks as he pursues you!
Prince Ribbit completely misses you. Prince Ribbit hits you!
There is a stone staircase leading up, spattered with blood here. ๐Ÿ˜• HP[-10]
You take 10 damage, and now have 38/48 hp.
MASSIVE DAMAGE!! (PAUSE) Prince Ribbit misses you.
The kobold brigand throws a curare-tipped dart.
The curare-tipped dart hits you.
You are poisoned.
You have difficulty breathing.
You feel yourself slow down.
You climb upwards.
You feel extremely sick.
There is a stone staircase leading down here. ๐Ÿ˜จ HP[-15]
You take 15 damage, and now have 23/48 hp.
MASSIVE DAMAGE!! (PAUSE)
You bludgeon Prince Ribbit! Your grab misses Prince Ribbit.
You feel very sick. Prince Ribbit closely misses you. Prince Ribbit hits you.
* * * LOW HITPOINT WARNING * * *
๐Ÿ˜จ HP[-7]
You take 7 damage, and now have 16/48 hp.
You tentacle-slap Prince Ribbit. You grab Prince Ribbit.
You constrict Prince Ribbit.
You feel very sick. Prince Ribbit hits you.
* * * LOW HITPOINT WARNING * * *
Prince Ribbit completely misses you. ๐Ÿ˜ฑ HP[-7]
You take 7 damage, and now have 9/48 hp.
You feel much better.
You constrict Prince Ribbit.
You feel sick. Prince Ribbit barely misses you. Prince Ribbit hits you!
* * * LOW HITPOINT WARNING * * *
๐Ÿ˜จ HP[+12]
You regained 12 hp, and now have 21/48 hp.
You bludgeon Prince Ribbit! You squeeze Prince Ribbit.
You constrict Prince Ribbit.
You feel sick.
Prince Ribbit blinks free!
Prince Ribbit hits you!
* * * LOW HITPOINT WARNING * * *
๐Ÿ˜ฑ HP[-12]
You take 12 damage, and now have 9/48 hp.
MASSIVE DAMAGE!! (PAUSE) Unknown command.
You closely miss Prince Ribbit. Your grab misses Prince Ribbit.
You feel sick. Prince Ribbit hits you!
You die...

Skill      XL: |  1  2  3  4  5  6  7  8 |
---------------+-------------------------+-----
Stealth        | 1 2 3 4 5 |  5.6
Dodging        | 3 4 5 |  5.9
Shapeshifting  | 4 5 6 |  6.0
Unarmed Combat | 4 5 6 |  6.2
Fighting       | |  1.0

Action                     |  1- 3 |  4- 6 |  7- 9 || total
---------------------------+-------+-------+-------++-------
  Melee: Unarmed           |    64 |    94 |   136 ||   294
         Constrict         |    14 |    19 |    32 ||    65
         Tentacles         |     5 |    13 |    33 ||    51
         Punch             |       |     4 |    10 ||    14
    Use: Potion            |       |     2 |     3 ||     5
         Scroll            |       |       |     8 ||     8
   Stab: Sleeping          |     4 |     5 |    10 ||    19
 Armour: Skin              |    30 |    45 |    78 ||   153
  Dodge: Dodged            |    59 |    35 |    67 ||   161

Levels and vault maps discovered:
D:1:      minmay_arrival_three_doors, layout_rooms
D:2:      layout_basic, hellmonk_ecumenical_altar_run_dry, basic_altar,
          columned_hall_lemuel
D:3:      layout_basic, minmay_crystal_room, cheibrodos_gnoll_hut, uniq_sigmund,
          uniq_terence, uniq_robin, uniq_jessica
D:4:      kennysheep_six_static_rooms, layout_cave_pods, bloody_makhleb
D:5:      layout_rooms, lightli_ossuary_entry_decrepit_ruins, uniq_pikel,
          uniq_menkaure
D:6:      layout_cave_pools, minmay_temple_entry_fiery, uniq_prince_ribbit1

Notes
Turn   | Place    | Note
-------+----------+-------------------------------------------
     0 | D:1      | ytrimaz the Octopode Shapeshifter began the quest for the
                  | Orb.
     0 | D:1      | Reached XP level 1. HP: 13/13 MP: 1/1
     0 | D:1      | magus.rc [v1.9.6]
    19 | D:1      | You fall into a shaft and drop 1 floor!
    25 | D:2      | Found a faded altar of an unknown god.
    70 | D:2      | Reached XP level 2. HP: 11/18 MP: 2/2
   335 | D:2      | Reached skill level 1 in Stealth
   401 | D:2      | HP: 4/18 [bat (1)]
   402 | D:2      | Reached XP level 3. HP: 5/23 MP: 3/3
   406 | D:2      | HP: 5/23 [bat (1)]
   486 | D:2      | Found a snail-covered altar of Cheibriados.
  1163 | D:3      | Noticed Terence
  1178 | D:3      | Killed Terence
  1179 | D:3      | Reached XP level 4. HP: 20/28 MP: 4/4
  1245 | D:3      | Noticed Jessica
  1248 | D:3      | Reached skill level 2 in Stealth
  1254 | D:3      | Killed Jessica
  1393 | D:3      | Reached skill level 3 in Dodging
  1393 | D:3      | Reached XP level 5. HP: 15/33 MP: 5/5
  1395 | D:3      | Reached skill level 4 in Shapeshifting
  1572 | D:3      | Noticed Robin
  1578 | D:3      | Reached skill level 4 in Unarmed Combat
  1612 | D:3      | Killed Robin
  1699 | D:3      | Reached XP level 6. HP: 33/38 MP: 6/6
  1750 | D:3      | Noticed Sigmund
  1757 | D:3      | Killed Sigmund
  1758 | D:3      | Reached skill level 4 in Dodging
  1758 | D:3      | Reached skill level 3 in Stealth
  1964 | D:3      | You pick up a book of Blasting and begin reading...
  1964 | D:3      | You add the spells Volatile Blastmotes, Fulminant Prism and
                  | Iskenderun's Mystic Blast to your library.
  2132 | D:4      | Reached XP level 7. HP: 37/43 MP: 7/7
  2194 | D:4      | Identified the +6 spear of False Hope {drain, Str+4}
  2523 | D:4      | Found a burning altar of Makhleb.
  2954 | D:4      | You add the spells Cigotuvi's Dreadful Rot, Ignite Poison
                  | and Freezing Cloud to your library.
  2969 | D:4      | Identified the +0 cloak "Wadyix" {Rampage Str+4}
  3085 | D:4      | Reached skill level 4 in Stealth
  3283 | D:5      | Entered Level 5 of the Dungeon
  3303 | D:5      | Reached skill level 5 in Unarmed Combat
  3303 | D:5      | Reached skill level 5 in Shapeshifting
  3388 | D:5      | Found a sand-covered staircase.
  3392 | Ossuary  | Entered an ossuary
  3423 | Ossuary  | HP: 16/64 [mummy (5)]
  3967 | D:5      | Reached XP level 8. HP: 43/48 MP: 8/8
  4081 | D:5      | Reached skill level 5 in Dodging
  4127 | D:5      | Noticed Pikel
  4140 | D:5      | Killed Pikel
  4141 | D:5      | Reached skill level 5 in Stealth
  4141 | D:5      | Reached skill level 6 in Unarmed Combat
  4244 | D:5      | Noticed Menkaure
  4309 | D:5      | Killed Menkaure
  4310 | D:5      | Reached skill level 6 in Shapeshifting
  4490 | D:6      | Noticed Prince Ribbit
  4496 | D:5      | HP: 9/48 [Prince Ribbit (4)]
  4499 | D:5      | Slain by Prince Ribbit

Vanquished Creatures
  Pikel (D:5)
  Sigmund (D:3)
  Menkaure (D:5)
  An ice beast (D:5)
  A lemure (D:5)
  A howler monkey (D:4)
  5 hounds
  Terence (D:3)
  A sleepcap (D:4)
  Jessica (D:3)
  2 iguanas
  8 mummies (Ossuary)
  Robin (D:3)
  A gnoll (D:3)
  8 adders
  An ufetubus (D:4)
  A worm (D:2)
  20 orcs
  2 ball pythons
  3 endoplasms
  2 giant cockroaches (D:2)
  3 gnoll zombies (Ossuary)
  14 goblins
  12 hobgoblins
  5 jackals
  5 quokkas
  5 bats
  2 frilled lizards
  5 kobolds
  3 kobold zombies (Ossuary)
  2 orc zombies (Ossuary)
  A rat (D:2)
120 creatures vanquished.

Table legend:
 A = Non-vault XP
 B = Vault XP
 C = Vault XP percentage of total XP
 D = Non-vault monster count
 E = Vault monster count
 F = Vault count percentage of total count
                 A         B        C        D         E       F
            +---------+---------+-------+---------+---------+-------
      Total |     639 |    1470 |  69.7 |      77 |      42 |  35.3
            +---------+---------+-------+---------+---------+-------
        D:1 |       1 |       0 |   0.0 |       1 |       0 |   0.0
        D:2 |      48 |       0 |   0.0 |      19 |       0 |   0.0
        D:3 |      74 |     451 |  85.9 |      22 |      18 |  45.0
        D:4 |     189 |      53 |  21.9 |      22 |       6 |  21.4
        D:5 |     327 |     813 |  71.3 |      13 |       2 |  13.3
    Ossuary |       0 |     153 | 100.0 |       0 |      16 | 100.0
            +---------+---------+-------+---------+---------+-------

Skill      XL: |  1  2  3  4  5  6  7  8 |
---------------+-------------------------+-----
Stealth        | 1 2 3 4 5 |  5.6
Dodging        | 3 4 5 |  5.9
Shapeshifting  | 4 5 6 |  6.0
Unarmed Combat | 4 5 6 |  6.2
Fighting       | |  1.0

Action                     |  1- 3 |  4- 6 |  7- 9 || total
---------------------------+-------+-------+-------++-------
  Melee: Unarmed           |    64 |    94 |   136 ||   294
         Constrict         |    14 |    19 |    32 ||    65
         Tentacles         |     5 |    13 |    33 ||    51
         Punch             |       |     4 |    10 ||    14
    Use: Potion            |       |     2 |     3 ||     5
         Scroll            |       |       |     8 ||     8
   Stab: Sleeping          |     4 |     5 |    10 ||    19
 Armour: Skin              |    30 |    45 |    78 ||   153
  Dodge: Dodged            |    59 |    35 |    67 ||   161

Illustrated notes

Table legend:
 A = Kills in this place as a percentage of kills in the entire game.
 B = Kills by you in this place as a percentage of kills by you in the entire game.
 C = Kills by friends in this place as a percentage of kills by friends in the entire game.
 D = Other kills in this place as a percentage of other kills in the entire game.
 E = Experience gained in this place as a percentage of experience gained in the entire game.
 F = Experience gained in this place divided by the number of levels of this place that you have seen.
                   A       B       C       D       E      F
               +-------+-------+-------+-------+-------+----------------------
         Total | 100.0 | 100.0 |   N/A |   N/A | 100.0 | 301.3
       Dungeon |  86.6 |  86.6 |   N/A |   N/A |  92.7 | 326.0
       Ossuary |  13.4 |  13.4 |   N/A |   N/A |   7.3 | 153.0
               +-------+-------+-------+-------+-------+----------------------

Table legend: (Time is in decaauts)
 A = Elapsed time spent in this place.
 B = Non-inter-level travel time spent in this place.
 C = Inter-level travel time spent in this place.
 D = Time resting spent in this place.
 E = Time spent auto-exploring this place.
 F = Levels seen in this place.
 G = Mean time per level.
                   A        B        C        D        E       F      G
               +--------+--------+--------+--------+--------+-----+--------+
         Total |   4456 |   4359 |     97 |    201 |   3350 |   7 |  636.6 |
       Dungeon |   3957 |   3860 |     97 |      0 |   3140 |   6 |  659.5 |
       Ossuary |    499 |    499 |      0 |    201 |    210 |   1 |  499.0 |
               +--------+--------+--------+--------+--------+-----+--------+

Top non-repeatable levels by time:
     D:4: 1253 daAuts
     D:2: 1122 daAuts
     D:3: 851 daAuts
     D:5: 704 daAuts
 Ossuary: 499 daAuts
     D:1: 19 daAuts
     D:6: 5 daAuts
